 Dungeon Crawl Stone Soup version 0.27.1-4-g1640c2035a (webtiles) character file.

Game seed: 13075955138786218935

170 zeram the Sneak (level 5, -2/42 HPs)
             Began as a Kobold Enchanter on Nov 18, 2021.
             Slain by an orc priest (4 damage)
             ... on level 4 of the Dungeon.
             The game lasted 00:04:09 (2972 turns).

zeram the Sneak (Kobold Enchanter)                  Turns: 2972, Time: 00:04:10

Health: -2/42      AC: 22    Str:  5    XL:     5   Next: 80%
Magic:  8/8        EV:  0    Int: 18    God:
Gold:   118        SH:  0    Dex: 15    Spells: 5/8 levels left

rFire    . . .     SeeInvis .   l - +4 dagger (venom)
rCold    . . .     Faith    .   (shield restricted)
rNeg     + + +     Spirit   .   (armour currently unavailable)
rPois    +         Reflect  .   (helmet currently unavailable)
rElec    .         Harm     .   (cloak currently unavailable)
rCorr    .         Rampage  .   (gloves currently unavailable)
Will     .....     NoTele   +   (boots currently unavailable)
Stlth    ++++......             (no amulet)
HPRegen  0.14/turn              c - ring of positive energy
MPRegen  0.11/turn              (no ring)

@: tree-form, silenced, constricted
A: stationary, stasis, torment immunity, boosted hp, small, no large weapons,
nightstalker 3
a: no special abilities


You were on level 4 of the Dungeon.
You were a tree.
You visited 1 branch of the dungeon, and saw 4 of its levels.

You collected 118 gold pieces.

Inventory:

Hand Weapons
 a - a +1 dagger of draining
 l - a +4 dagger of venom (weapon)
Armour
 b - a +0 robe (melded)
 d - a +2 hat (melded)
Jewellery
 c - a ring of positive energy (left branch)
 g - an amulet of the acrobat
 k - a +4 ring of protection
Potions
 e - a potion of mutation
 i - a potion of haste


   Skills:
 + Level 3.2 Short Blades
 + Level 3.2 Dodging
 + Level 7.2 Stealth
 - Level 2.1 Spellcasting
 - Level 3.0 Hexes
 + Level 0.4 Ice Magic


You had 5 spell levels left.
You knew the following spells:

 Your Spells              Type           Power      Damage    Failure   Level
a - Corona                Hex            13%        N/A       5%          1
b - Ensorcelled Hibernat  Hex/Ice        16%        N/A       13%         2

Your spell library contained the following spells:

 Spells                   Type           Power      Damage    Failure   Level
 Confusing Touch          Hex            12%        N/A       16%         3
 Tukima's Dance           Hex            12%        N/A       16%         3
 Dazzling Flash           Conj/Hex       14%        N/A       28%         3
 Summon Lightning Spire   Summ/Air       1%         N/A       87%         4
 Storm Form               Tmut/Air       0%         N/A       100%        7
 Maxwell's Capacitive Co  Air            0%         ∞         100%        8


Dungeon Overview and Level Annotations

Branches:
Dungeon (4/15)
 Temple: D:4-7

Altars:

Shops:
D:1 *

Annotations:
D:3 3 runed translucent doors, Whoops's ghost, amateur GrFi


Innate Abilities, Weirdness & Mutations

You are a tree.
Your roots penetrate the ground, keeping you stationary.
You cannot be teleported.
You are immune to unholy pain and torment.
Your maximum health is greatly increased.
Your equipment is partially melded.
You are small and have problems with some larger weapons.
You are completely attuned to the shadows.


Message History

The ball python grabs you. The ball python constricts you.
The endoplasm hits you but does no damage.
The orc hits you with a +0 flail.
* * * LOW HITPOINT WARNING * * *
It was a potion of flight.
Your roots keep you in place.
The ball python bites you but does no damage.
The ball python constricts you.
* * * LOW HITPOINT WARNING * * *
The endoplasm hits you but does no damage.
The orc hits you but does no damage.
Unknown command.
You closely miss the orc priest.
The ball python bites you but does no damage.
The ball python constricts you.
The orc priest hits you but does no damage.
The endoplasm hits you but does no damage.
You hit the orc priest but do no damage.
The orc hits you but does no damage.
The ball python bites you but does no damage.
The ball python constricts you.
The orc priest hits you but does no damage.
Unknown command.
You hit the orc priest but do no damage.
The ball python bites you but does no damage.
The ball python constricts you.
The endoplasm hits you but does no damage.
The orc hits you but does no damage.
You closely miss the orc priest.
The ball python bites you but does no damage.
The ball python constricts you. The orc priest hits you with a +0 club.
* * * LOW HITPOINT WARNING * * *
The endoplasm freezes you.
You are frozen.
* * * LOW HITPOINT WARNING * * *
The orc hits you but does no damage.
You barely miss the orc.
The orc is lightly wounded.
The ball python bites you but does no damage.
The ball python constricts you. The orc priest hits you with a +0 club.
You die...

......# ......#
#......# .#......#
.'......# . #..S...#
...##########..J♣..#
...##.......#..oo..#
...#........#......#
...+........)......#
...##)......#......#
...##.......#......#
............#......
............'.....
........... #.....


You could see an orc priest, an orc, an endoplasm and a ball python.

Vanquished Creatures
  2 hounds (D:4)
  An orc priest (D:4)
  A hound skeleton (D:4)
  An adder (D:2)
  A worm (D:2)
  2 dart slugs (D:1)
  6 endoplasms
  2 giant cockroaches
  4 goblins
  5 hobgoblins
  4 quokkas
  5 ball pythons
  3 bats
  3 frilled lizards
  5 kobolds
  A quokka skeleton (D:4)
  7 rats
53 creatures vanquished.

Notes
Turn   | Place    | Note
-------+----------+-------------------------------------------
     0 | D:1      | zeram the Kobold Enchanter began the quest for the Orb.
     0 | D:1      | Reached XP level 1. HP: 10/10 MP: 3/3
    82 | D:1      | Found a faded altar of an unknown god.
   338 | D:1      | Reached XP level 2. HP: 15/15 MP: 5/5
   339 | D:1      | Found Amiwn's Assorted Antiques.
   763 | D:1      | Learned a level 2 spell: Ensorcelled Hibernation
   805 | D:1      | Reached skill level 5 in Stealth
   890 | D:2      | Reached XP level 3. HP: 19/19 MP: 6/6
  1421 | D:2      | Reached XP level 4. HP: 24/24 MP: 7/7
  2134 | D:3      | Found a runed translucent gate.
  2134 | D:3      | Found a runed translucent gate.
  2135 | D:3      | Found a runed translucent gate.
  2136 | D:3      | Noticed Whoops's ghost (amateur GrFi)
  2735 | D:4      | Reached skill level 6 in Stealth
  2854 | D:4      | Reached XP level 5. HP: 28/28 MP: 8/8
  2919 | D:4      | Reached skill level 7 in Stealth
  2971 | D:4      | HP: 2/42 [frozen (1)]
  2972 | D:4      | Slain by an orc priest

Illustrated notes

Levels and vault maps discovered:
D:1:      minmay_arrival_nine_rooms, layout_basic,
          hellmonk_ecumenical_altar_crossroads, serial_shops,
          nicolae_shop_behind_doors, corner_web_ring
D:2:      layout_loops_cross
D:3:      layout_loops_ring, ebering_ghost_rock_garden
D:4:      layout_gridville

Skill      XL: |  1  2  3  4  5 |
---------------+----------------+-----
Stealth        | 5 6 7 |  7.2
Short Blades   | 2 3 |  3.2
Dodging        | 3 |  3.2
Spellcasting   | |  2.1
Hexes          | |  3.0
Ice Magic      | |  0.4

Action                   |  1- 3 |  4- 6 || total
-------------------------+-------+-------++-------
Melee: Dagger            |    83 |    41 ||   124
 Cast: Ensorcelled Hiber |     3 |       ||     3
  Use: Scroll            |       |     7 ||     7
       Potion            |       |     3 ||     3
 Stab: Sleeping          |    19 |     8 ||    27
       Distracted        |     1 |     1 ||     2
Armor: Robe              |     8 |     4 ||    12
       Skin              |       |    17 ||    17
Dodge: Dodged            |    42 |    15 ||    57
